 Dungeon Crawl Stone Soup version 0.27.1-3-gb3d3a73c9e (webtiles) character file.

Game seed: 9452693749894849319

88 pkoi the Slasher (level 4, 0/38 HPs)
             Began as a Minotaur Gladiator on Oct 5, 2021.
             Was an Initiate of Dithmenos.
             Succumbed to an adder's poison
             ... on level 3 of the Dungeon.
             The game lasted 00:01:46 (1736 turns).

pkoi the Slasher (Minotaur Gladiator)               Turns: 1736, Time: 00:01:46

Health: 0/38       AC:  4    Str: 20    XL:     4   Next: 30%
Magic:  3/3        EV: 12    Int:  5    God:    Dithmenos [......]
Gold:   104        SH:  5    Dex: 11    Spells: 3/3 levels left

rFire    . . .     SeeInvis .   a - +0 long sword
rCold    . . .     Faith    .   (no shield)
rNeg     . . .     Spirit   .   b - +0 leather armour
rPois    .         Reflect  +   c - +0 hat
rElec    .         Harm     .   (no cloak)
rCorr    .         Rampage  .   e - +0 pair of gloves
Will     +....                  (no boots)
Stlth    +.........             i - amulet of reflection
HPRegen  0.12/turn              j - ring of willpower
MPRegen  0.08/turn              (no ring)

@: lethally poisoned (0 -> -1)
A: horns 2, retaliatory headbutt
a: Renounce Religion


You were on level 3 of the Dungeon.
You worshipped Dithmenos.
Dithmenos was noncommittal.
You visited 1 branch of the dungeon, and saw 3 of its levels.

You collected 104 gold pieces.

Inventory:

Hand Weapons
 a - a +0 long sword (weapon)
Missiles
 d - 3 throwing nets (quivered)
 l - 17 arrows
Armour
 b - a +0 leather armour (worn)
 c - a +0 hat (worn)
 e - a +0 pair of gloves (worn)
Jewellery
 i - an amulet of reflection (around neck)
 j - a ring of willpower (left hand)
Scrolls
 f - 2 scrolls of identify {unknown}
 g - a scroll of immolation {unknown}
 k - a scroll of summoning {unknown}
 m - a scroll of teleportation {unknown}
Potions
 h - a potion of degeneration {unknown}


   Skills:
 + Level 3.4 Fighting
 - Level 5.1 Long Blades
 - Level 2.0 Throwing
 + Level 2.1 Armour
 - Level 3.2 Dodging


You had 3 spell levels left.
You didn't know any spells.
Your spell library was empty.

Dungeon Overview and Level Annotations

Branches:
Dungeon (3/15)

Altars:
Dithmenos

Shops:
D:2 (:?

Annotations:
D:3 Natasha


Innate Abilities, Weirdness & Mutations

You have a pair of horns on your head.
You reflexively headbutt those who attack you in melee.


Message History

You climb downwards.
Found a leather armour.
Found a stone staircase leading up.
There is a stone staircase leading up here.
Key pressed, stopping travel.
Unknown command.
Unknown command.
Found a stone staircase leading down.
Natasha, Servant of Life and Death comes into view.
Natasha hisses angrily.
Natasha is nearby!
Natasha is nearby!
An adder comes into view.
Found a stone staircase leading down.
The adder hisses angrily.
Found a club.
Natasha stares at you and mumbles some strange words.
The magic dart hits you! The adder bites you.
You are poisoned.
The adder poisons you!
You hit the adder but do no damage.
You feel sick. You block Natasha's attack.
The adder bites you but does no damage.
You barely miss the adder. Your headbutt misses the adder.
You feel sick. The adder misses you.
You riposte.
You slash the adder!
You kill the adder!
Dithmenos accepts your kill. Natasha claws you. x2
* * * LOW HITPOINT WARNING * * *
You feel sick. Natasha closely misses you.
You riposte.
You hit Natasha.
Natasha is lightly wounded.
You feel sick. Natasha claws you!
* * * LOW HITPOINT WARNING * * *
Unknown command.
You closely miss Natasha.
Natasha is lightly wounded.
You feel sick. Natasha claws you.
* * * LOW HITPOINT WARNING * * *
You hit Natasha but do no damage. Your headbutt misses Natasha.
Natasha is lightly wounded.
You die...

# ############# #
##.....#.....## #
##......h......## #
.......@........# #
#...............## #
#................#######
#................##.....
#.......................
#..).............>##....
##.................#....
##.>.........##.#......
#..#... .........


You could see Natasha.

Vanquished Creatures
  Jessica (D:2)
  3 adders
  3 dart slugs
  5 ball pythons
  An endoplasm (D:1)
  3 giant cockroaches
  A hobgoblin (D:1)
  2 jackals (D:2)
  A quokka (D:1)
  5 bats (D:1)
  A frilled lizard (D:1)
  4 kobolds (D:1)
  3 rats
33 creatures vanquished.

Notes
Turn   | Place    | Note
-------+----------+-------------------------------------------
     0 | D:1      | pkoi the Minotaur Gladiator began the quest for the Orb.
     0 | D:1      | Reached XP level 1. HP: 18/18 MP: 0/0
   197 | D:1      | Reached skill level 4 in Long Blades
   284 | D:1      | Reached XP level 2. HP: 21/25 MP: 1/1
   820 | D:1      | Reached skill level 5 in Long Blades
   916 | D:2      | Found Arghasisha's Weapon Emporium.
   925 | D:2      | Reached XP level 3. HP: 27/30 MP: 2/2
   978 | D:2      | Found Zoefachi's Book Shoppe.
   985 | D:2      | Noticed Jessica
   988 | D:2      | Killed Jessica
   989 | D:2      | Reached skill level 1 in Armour
  1117 | D:2      | Reached XP level 4. HP: 37/38 MP: 3/3
  1204 | D:2      | Found Qifiar's Magic Scroll Shop.
  1357 | D:2      | Found a shadowy altar of Dithmenos.
  1389 | D:2      | Became a worshipper of Dithmenos the Shadowed
  1512 | D:2      | Found a faded altar of an unknown god.
  1727 | D:3      | Noticed Natasha
  1735 | D:3      | HP: 1/38 [Natasha (5)]
  1736 | D:3      | Succumbed to an adder's poison

Illustrated notes

Levels and vault maps discovered:
D:1:      minmay_arrival_diagonal_passages, layout_loops_ring,
          nrook_loot_triangle, kennysheep_doodads
D:2:      layout_loops_ring, shapermc_ecumenical_altar_petra, basic_altar,
          serial_shops, nicolae_shop_statue_plus, nicolae_diamond_shop, shop,
          minivault_24, dk_noncrumbling_4, hangedman_abyss_or_decor_stabs,
          minmay_crystal_room, uniq_jessica
D:3:      layout_rooms, biasface_ghost_orc_armoury, uniq_natasha

Skill      XL: |  1  2  3  4 |
---------------+-------------+-----
Long Blades    | 4 5 |  5.1
Fighting       | 3 |  3.4
Armour         | 1 2 |  2.1
Throwing       | |  2.0
Dodging        | |  3.2

Action                   |  1- 3 |  4- 6 || total
-------------------------+-------+-------++-------
Melee: Long sword        |    45 |    11 ||    56
       Headbutt          |     4 |       ||     4
 Stab: Sleeping          |     1 |       ||     1
Armor: Leather armour    |    16 |     2 ||    18
Dodge: Dodged            |    33 |     7 ||    40
Block: Other             |     3 |     2 ||     5
       Rpst.: Long sword |     6 |     2 ||     8
